 Dungeon Crawl Stone Soup version 0.30-a0-305-g026cb31310 (webtiles) character file.

Game seed: 3316158529559178879

227 greasedhog the Cudgeller (level 6, -4/38 HPs)
             Began as a Gargoyle Reaver on Oct 24, 2022.
             Killed by divine providence
             ... invoked by an orc priest
              (10 damage)
             ... on level 4 of the Dungeon.
             The game lasted 00:04:20 (2837 turns).

greasedhog the Cudgeller (Gargoyle Reaver)          Turns: 2837, Time: 00:04:22

Health: -4/38      AC: 15    Str: 17    XL:     6   Next: 2%
Magic:  9/9        EV: 11    Int: 14    God:
Gold:   180        SH:  0    Dex:  8    Spells: 8/9 levels left

rFire   . . .      SeeInvis +    t - +0 morningstar
rCold   . . .      Faith    .    (no shield)
rNeg    + . .      Spirit   .    h - +0 chain mail
rPois   ∞          Reflect  .    (no helmet)
rElec   +          Harm     .    (no cloak)
rCorr   .          Rampage  .    f - +0 pair of gloves
Will    .....                    l - +0 pair of boots
Stlth   ..........               (no amulet)
HPRegen 0.26/turn                n - +4 ring of evasion
MPRegen 0.11/turn                q - ring of see invisible

@: no status effects
A: sickness immunity, AC +4, negative energy resistance 1, electricity
resistance, torment resistance 1, petrification resistance
a: no special abilities


You were on level 4 of the Dungeon.
You visited 1 branch of the dungeon, and saw 4 of its levels.

You collected 180 gold pieces.

Inventory:

Hand Weapons
 t - a +0 morningstar (weapon)
Armour
 f - a +0 pair of gloves (worn)
 h - a +0 chain mail (worn)
 l - a +0 pair of boots (worn)
Jewellery
 n - a +4 ring of evasion (left hand)
 q - a ring of see invisible (right hand)
Wands
 s - a wand of polymorph (7)
Scrolls
 a - a scroll of fear {unknown}
 b - 2 scrolls of fog {unknown}
 g - 2 scrolls of teleportation
 j - 2 scrolls of enchant weapon {unknown}
 k - a scroll of amnesia {unknown}
 m - a scroll of summoning {unknown}
Potions
 c - a potion of haste {unknown}
 d - a potion of attraction {unknown}
 e - a potion of cancellation {unknown}
 i - a potion of magic {unknown}
 p - 2 potions of degeneration {unknown}
 r - a potion of curing {unknown}


   Skills:
 * Level 4.2 Fighting
 * Level 4.4 Maces & Flails
 * Level 3.3 Armour
 - Level 1.5 Dodging
 - Level 2.0 Spellcasting
 - Level 3.2 Conjurations


You had 8 spell levels left.
You knew the following spells:

 Your Spells              Type           Power      Damage    Failure   Level
a - Kiss of Death         Conj/Necr      24%        2d7       88%         1

Your spell library contained the following spells:

 Spells                   Type           Power      Damage    Failure   Level
 Momentum Strike          Conj/Tloc      12%        3d8       95%         2
 Hailstorm                Conj/Ice       6%         3d4       99%         3
 Confusing Touch          Hex            1%         N/A       100%        3
 Ignite Poison            Fire/Tmut/Pois 1%         N/A       100%        3
 Kindle Blastsparks       Fire/Tloc/Air  2%         2d10      100%        3
 Dispel Undead            Necr           1%         3d6       100%        4
 Passage of Golubria      Tloc           1%         N/A       100%        4
 Freezing Cloud           Conj/Ice/Air   2%         6-21      100%        5
 Silence                  Hex/Air        0%         N/A       100%        5
 Summon Hydra             Summ           0%         N/A       100%        7
 Lehudib's Crystal Spear  Conj/Erth      3%         10d2      100%        8


Dungeon Overview and Level Annotations

Branches:
Dungeon (4/15)
 Temple: D:4-7

Altars:
Ashenzari

Shops:
D:1 :   D:2 (   D:3 (


Innate Abilities, Weirdness & Mutations

You are immune to sickness and miasma.
Your stone body is resilient. (AC +4)
You are immune to poison.
You resist negative energy. (rN+)
You are resistant to electric shocks. (rElec)
You are resistant to unholy torment.
You are immune to petrification.


Message History

The orc wizard hits you but does no damage.
The orc wizard casts a spell.
The orc wizard flickers and vanishes for a moment.
You puncture the orc wizard!
You kill the orc wizard!
You have reached level 6!
You start waiting.
You feel less confused.
There is a stone staircase leading down here.
You climb downwards.
The orc priest invokes the aid of Beogh against you.
Beogh smites you!
There is a stone staircase leading up here.
The orc priest invokes the aid of Beogh against you.
Pain shoots through your body!
You climb upwards.
There is a stone staircase leading down here.
You start resting.
HP restored.
You climb downwards.
There is a stone staircase leading up here.
The orc priest calls down the wrath of Beogh upon you.
Pain shoots through your body!
You barely miss the orc priest. The orc priest closely misses you. x2
You closely miss the orc priest. The orc priest closely misses you.
You hit the orc priest. You punch the orc priest.
The orc priest is moderately wounded.
The orc priest hits you but does no damage.
You closely miss the orc priest.
The orc priest is moderately wounded.
The orc priest mumbles some strange prayers to Beogh against you.
Beogh smites you!
You puncture the orc priest!
The orc priest is severely wounded.
The orc priest mumbles some strange prayers to Beogh against you.
Beogh smites you!
* * * LOW HITPOINT WARNING * * *
The orc priest invokes the aid of Beogh against you.
Beogh smites you!
You die...

..#.........#
####........#
#..##.......#
#...##.....########
#....##....##.....#
#.....##...##.....#
#......##...'.....#
#.......#...#.....#
...#.o@.<....#.....#
## ##.####...#######
...########.######.#
...............# ###
........<......##
########..######.#
#....###..##$_.###
#.........#.8$8.#
#.........#.oo$$#


You could see an orc priest.

Vanquished Creatures
  2 orc wizards (D:3)
  3 gnolls
  6 adders
  5 worms
  3 dart slugs
  3 orcs
  6 ball pythons
  5 endoplasms
  3 giant cockroaches
  5 goblins
  3 hobgoblins
  8 jackals
  9 bats
  3 frilled lizards
  7 kobolds
  3 rats
74 creatures vanquished.

Notes
Turn   | Place    | Note
-------+----------+-------------------------------------------
     0 | D:1      | greasedhog the Gargoyle Reaver began the quest for the Orb.
     0 | D:1      | Reached XP level 1. HP: 12/12 MP: 3/3
   181 | D:1      | Found Voschodgh's Book Emporium.
   380 | D:1      | Reached XP level 2. HP: 18/18 MP: 5/5
   383 | D:1      | Reached skill level 1 in Armour
   933 | D:1      | Reached XP level 3. HP: 21/22 MP: 6/6
  1146 | D:1      | Got the Exposition on Rime and Leadership
  1267 | D:2      | Found Seahuf's Antique Weapon Shoppe.
  1625 | D:2      | Reached XP level 4. HP: 22/28 MP: 7/7
  1875 | D:2      | Found a faded altar of an unknown god.
  2034 | D:3      | Reached XP level 5. HP: 20/32 MP: 8/8
  2420 | D:3      | Found Kovvuova's Antique Weapon Boutique.
  2585 | D:4      | Found a broken altar of Ashenzari.
  2752 | D:3      | Reached XP level 6. HP: 38/38 MP: 9/9
  2837 | D:4      | Killed from afar by an orc priest

Illustrated notes

Levels and vault maps discovered:
D:1:      onia_arrival_pyramid, layout_loops_corners, serial_shops,
          nicolae_shop_waterfront, serial_co_window_serial, co_window_paths_b,
          co_window_corner_a, co_window_of_opportunity_a,
          co_window_of_opportunity_a, co_window_corner_a, co_window_paths_a,
          co_window_cross_1, co_window_of_opportunity_a, co_window_corner_a,
          co_window_2corner, co_window_broadway_c, co_window_2corner,
          co_window_corner_ca, glass_columns_a, glass_columns_b,
          glass_columns_a, dk_noncrumbling_3, chequers_serial_rivers_room_b
D:2:      layout_rooms, serial_shops, nicolae_square_shop,
          shapermc_ecumenical_altar_mp_vishouse
D:3:      layout_basic, serial_shops, nicolae_diamond_shop, minmay_checkerbox
D:4:      layout_gridville, mainiacjoe_overflow_chevrons,
          nicolae_ashenzari_panopticon, kennysheep_orc_chapel

Skill      XL: |  1  2  3  4  5 |
---------------+----------------+-----
Armour         | 1 2 3 |  3.3
Fighting       | 3 4 |  4.2
Maces & Flails | 4 |  4.4
Dodging        | |  1.5
Spellcasting   | |  2.0
Conjurations   | |  3.2

Action                   |  1- 3 |  4- 6 || total
-------------------------+-------+-------++-------
Melee: Mace              |   132 |    55 ||   187
       Punch             |     2 |     2 ||     4
       Flail             |       |    77 ||    77
       Morningstar       |       |    21 ||    21
  Use: Scroll            |     2 |       ||     2
Armor: Leather armour    |    52 |       ||    52
       Chain mail        |    11 |   105 ||   116
Dodge: Dodged            |    91 |   109 ||   200

Table legend: (Time is in decaauts)
 A = Elapsed time spent in this place.
 B = Non-inter-level travel time spent in this place.
 C = Inter-level travel time spent in this place.
 D = Time resting spent in this place.
 E = Time spent auto-exploring this place.
 F = Levels seen in this place.
 G = Mean time per level.
                   A        B        C        D        E       F      G
               +--------+--------+--------+--------+--------+-----+--------+
         Total |   2904 |   2858 |     46 |    316 |   1802 |   4 |  726.0 |
       Dungeon |   2904 |   2858 |     46 |    316 |   1802 |   4 |  726.0 |
               +--------+--------+--------+--------+--------+-----+--------+

Top non-repeatable levels by time:
     D:1: 1253 daAuts
     D:2: 791 daAuts
     D:3: 715 daAuts
     D:4: 143 daAuts
